 Dungeon Crawl Stone Soup version 0.25-a0-292-gaa31f046c4 (webtiles) character file.

Game seed: 8026271273552627208, levelgen mode: classic

2000 Borgoz the Slicer (level 9, -17/57 HPs)
             Began as a Kobold Fighter on Dec 16, 2019.
             Was an Initiate of Ashenzari.
             Killed from afar by a steam dragon (18 damage)
             ... with a ball of steam
             ... on level 6 of the Dungeon.
             The game lasted 00:11:49 (7159 turns).

Borgoz the Slicer (Kobold Fighter)                  Turns: 7159, Time: 00:11:49

Health: -17/57     AC: 10    Str: 13    XL:     9   Next: 45%
Magic:  9/9        EV: 16    Int:  9    God:    Ashenzari [......]
Gold:   243        SH:  0    Dex: 18    Spells: 8/8 levels left

rFire    . . .     SeeInvis .   a - +2 dagger (drain)
rCold    + . .     Gourm    .   (shield restricted)
rNeg     . . .     Faith    .   o - +0 scale mail
rPois    .         Spirit   .   w - +0 helmet
rElec    .         Reflect  .   u - +0 cloak
rCorr    .         Harm     .   (no gloves)
MR       +....                  (no boots)
Stlth    ..........             (no amulet)
HPRegen  0.19/turn              n - ring of protection from magic
MPRegen  0.11/turn              x - ring of protection from cold

@: about to teleport
A: small, carnivore
a: Curse Item, Renounce Religion


You were on level 6 of the Dungeon.
You worshipped Ashenzari.
Ashenzari was noncommittal.
You were completely stuffed.

You visited 2 branches of the dungeon, and saw 7 of its levels.

You collected 243 gold pieces.

Inventory:

Hand Weapons
 a - a +2 dagger of draining (weapon)
 b - a +2 dagger of protection
 t - a +0 rapier
Missiles
 r - 2 throwing nets (quivered)
Armour
 o - a +0 scale mail (worn)
 u - a +0 cloak (worn)
 w - a +0 helmet (worn)
Jewellery
 n - a ring of protection from magic (left hand)
 x - a ring of protection from cold (right hand)
 y - an uncursed ring of poison resistance
Wands
 j - a wand of digging (4)
 p - a wand of clouds (1)
Scrolls
 e - a scroll of teleportation
 g - 3 scrolls of amnesia
 i - 3 scrolls of remove curse
 k - 2 scrolls of blinking {unknown}
 l - a scroll of enchant weapon {unknown}
 m - a scroll of enchant armour
 s - a scroll of fog
 v - a scroll of acquirement {unknown}
Potions
 c - a potion of resistance
 d - 2 potions of might
 h - a potion of magic
 q - a potion of haste
 A - a potion of lignification {unknown}
Comestibles
 f - 10 rations
 z - 2 chunks of flesh


   Skills:
 + Level 7.2 Fighting
 + Level 8.1 Short Blades
 + Level 5.5 Armour
 + Level 6.8 Dodging
   Level 2.4 Shields


You had 8 spell levels left.
You didn't know any spells.
Your spell library contained the following spells:

 Spells                   Type           Power        Failure   Level  Hunger
 Corona                   Hex            #......      86%         1    ##.....
 Ensorcelled Hibernation  Hex/Ice        #.....       94%         2    ###....
 Confuse                  Hex            #.......     99%         3    ####...
 Dazzling Flash           Conj/Hex       #.....       99%         3    ####...
 Tukima's Dance           Hex            #.......     99%         3    ####...


Dungeon Overview and Level Annotations

Branches:
Dungeon (6/15)             Temple (1/1) D:5

Altars:
Ashenzari
Cheibriados
Dithmenos
Elyvilon
Fedhas
Gozag
Hepliaklqana
Kikubaaqudgha
Makhleb
Nemelex Xobeh
Okawaru
Qazlal
Ru
Sif Muna
Trog
Uskayaw
Vehumet
Wu Jian
Xom
Yredelemnul
The Shining One

Shops:
D:5 *


Innate Abilities, Weirdness & Mutations

You are small and have problems with some larger weapons.
You are carnivorous and can eat meat at any time.


Message History

You are engulfed in a cloud of scalding steam.
The steam dragon closely misses you. x2
You hit the steam dragon. You drain the steam dragon.
The steam dragon is almost dead.
You are engulfed in a cloud of scalding steam.
You hit the steam dragon. You drain the steam dragon.
The steam dragon is almost dead.
You are engulfed in a cloud of scalding steam.
The steam dragon breathes steam at you.
The ball of steam hits the steam dragon.
The steam dragon resists.
The steam dragon dies!
The ball of steam hits you!
* * * LOW HITPOINT WARNING * * *
Okay, then.
As you read the scroll of teleportation, it crumbles to dust.
You feel strangely unstable. The steam dragon breathes steam at you.
The ball of steam hits you!!
You die...

##.######.### ####≈≈≈
##.######.# ##≈§§..
##........# #≈§§§.#
......##### #§.8§§#
###...# #.§§§.# # #.#.#
#.D.# ###'####### ##§##
#......##.# ###§§.# .
........#.###.##@###%...
...##...#.##.#.#.....#
..# ##..'.#.###.#.##...#
.. ##..#.....##..# .#
...##...###.#.# #.#
........# ##...# .#
#......## #.## .#
####+### .# .# # ..


There were no monsters in sight!

Vanquished Creatures
  Sigmund (D:3)
  Duvessa (D:4)
  3 sky beasts
  3 phantoms (D:5)
  2 ogres (D:3)
  A centaur (D:5)
  Dowan (D:4)
  A gnoll sergeant (D:4)
  3 scorpions (D:4)
  Crazy Yiuf (D:3)
  A crimson imp (D:5)
  An orc priest (D:4)
  A hound (D:5)
  An orc wizard (D:4)
  Jessica (D:2)
  Ijyb (D:3)
  2 worker ants
  A hound skeleton (D:4)
  Robin (D:3)
  7 gnolls
  9 adders
  A shadow imp (D:5)
  An adder skeleton (D:5)
  4 worms
  4 dart slugs
  A leopard gecko (D:4)
  8 orcs
  2 ball pythons
  9 bats
  12 giant cockroaches
  20 goblins
  7 hobgoblins
  5 kobolds
  5 quokkas
  A ball python skeleton (D:4)
  8 frilled lizards
  7 rats
138 creatures vanquished.

Vanquished Creatures (others)
  A steam dragon (D:6)
  An orc wizard (D:4)
2 creatures vanquished.

Grand Total: 140 creatures vanquished

Notes
Turn   | Place    | Note
-------+----------+-------------------------------------------
     0 | D:1      | Borgoz the Kobold Fighter began the quest for the Orb.
     0 | D:1      | Reached XP level 1. HP: 14/14 MP: 1/1
   161 | D:1      | Reached XP level 2. HP: 12/19 MP: 2/2
   282 | D:1      | Reached skill level 3 in Short Blades
   357 | D:1      | Reached skill level 1 in Dodging
   735 | D:1      | Reached XP level 3. HP: 22/23 MP: 3/3
  1348 | D:2      | Reached XP level 4. HP: 24/29 MP: 4/4
  1654 | D:2      | Noticed Jessica
  1661 | D:2      | Killed Jessica
  1661 | D:2      | Reached XP level 5. HP: 20/33 MP: 5/5
  1912 | D:2      | Found a faded altar of an unknown god.
  2203 | D:3      | Noticed an ogre
  2211 | D:3      | Killed an ogre
  2211 | D:3      | Reached skill level 4 in Short Blades
  2211 | D:3      | Reached XP level 6. HP: 30/39 MP: 6/6
  2306 | D:3      | Noticed Sigmund
  2324 | D:3      | Killed Sigmund
  2324 | D:3      | Reached skill level 5 in Short Blades
  2736 | D:3      | Noticed Ijyb
  2750 | D:3      | Paralysed by Ijyb for 6 turns
  2762 | D:3      | Paralysed by Ijyb for 4 turns
  2769 | D:3      | Killed Ijyb
  2769 | D:3      | Reached XP level 7. HP: 38/44 MP: 7/7
  2792 | D:3      | Noticed Robin
  2861 | D:3      | Killed Robin
  2861 | D:3      | Reached skill level 5 in Fighting
  3190 | D:3      | Found a runed translucent door.
  3191 | D:3      | Noticed Crazy Yiuf
  3953 | D:3      | Killed Crazy Yiuf
  4106 | D:4      | Found a white marble altar of Elyvilon.
  4238 | D:4      | Reached XP level 8. HP: 7/50 MP: 8/8
  4542 | D:4      | Reached skill level 6 in Short Blades
  4559 | D:4      | Noticed Duvessa
  4562 | D:4      | Noticed Dowan
  4569 | D:4      | Killed Duvessa
  4586 | D:4      | Killed Dowan
  4586 | D:4      | Reached skill level 5 in Dodging
  4598 | D:4      | Found a hide-covered altar of Uskayaw.
  4724 | D:4      | Found a sacrificial altar of Ru.
  4726 | D:4      | Found an ancient bone altar of Kikubaaqudgha.
  5355 | D:5      | Entered Level 5 of the Dungeon
  5405 | D:5      | Found a staircase to the Ecumenical Temple.
  5463 | D:5      | Reached skill level 7 in Short Blades
  5629 | Temple   | Entered the Ecumenical Temple
  5656 | Temple   | Became a worshipper of Ashenzari the Shackled
  5884 | D:5      | Found Gocsoicw's General Store.
  6118 | D:5      | Reached skill level 5 in Armour
  6238 | D:5      | Reached XP level 9. HP: 48/56 MP: 9/9
  6580 | D:5      | Found an iron altar of Okawaru.
  7039 | D:6      | Reached skill level 8 in Short Blades
  7156 | D:6      | HP: 1/57 [steam dragon/ball of steam (17)]
  7159 | D:6      | Killed from afar by a steam dragon

Levels and vault maps discovered:
D:1:      moated_graveyard_arrival, layout_loops_ring, serial_bayou_pond_c
D:2:      layout_loops_ring, first_ration, chequers_ecumenical_altar_simple,
          corexii_item_surrounded_by_moat, st_stairs_1, kennysheep_jessica_study
D:3:      layout_basic, uniq_robin, uniq_ijyb, uniq_crazy_yiuf_cottage,
          uniq_sigmund
D:4:      layout_rooms, lemuel_crystal_altar, grunt_temple_overflow_open,
          uniq_duvessa
D:5:      layout_basic, kennysheep_okawaru_gauntlet, minmay_temple_entry_wispy,
          serial_shops, shop, roderic_three_in_a_row
D:6:      cheibrodos_steamvent, layout_loops_corners, kennysheep_another_room
Temple:   nicolae_temple_elliptical

Skill      XL: |  1  2  3  4  5  6  7  8  9 |
---------------+----------------------------+-----
Short Blades   | 3 4 5 7 8 |  8.1
Dodging        | 1 2 3 4 6 |  6.8
Fighting       | 4 5 6 7 |  7.2
Armour         | 3 4 5 |  5.5
Shields        | |  2.4

Action                   |  1- 3 |  4- 6 |  7- 9 || total
-------------------------+-------+-------+-------++-------
Melee: Rapier            |   130 |   107 |   342 ||   579
       Dagger            |       |       |   200 ||   200
Evoke: Wand              |       |     1 |     6 ||     7
  Use: Potion            |       |     1 |     4 ||     5
       Scroll            |       |       |     9 ||     9
 Stab: Paralysed         |       |       |     2 ||     2
       Confused          |       |       |     3 ||     3
  Eat: Chunk             |    10 |     4 |    15 ||    29
Armor: Scale mail        |    59 |    38 |   189 ||   286
Dodge: Dodged            |    86 |    56 |   310 ||   452
Block: Shield            |     2 |       |       ||     2

Table legend:
 A = Non-vault XP
 B = Vault XP
 C = Vault XP percentage of total XP
 D = Non-vault monster count
 E = Vault monster count
 F = Vault count percentage of total count
                 A         B        C        D         E       F
            +---------+---------+-------+---------+---------+-------
      Total |    2089 |     769 |  26.9 |     119 |      21 |  15.0
            +---------+---------+-------+---------+---------+-------
        D:1 |      35 |       0 |   0.0 |      20 |       0 |   0.0
        D:2 |      74 |      46 |  38.3 |      27 |       4 |  12.9
        D:3 |     302 |     336 |  52.7 |      24 |      14 |  36.8
        D:4 |     576 |     227 |  28.3 |      25 |       2 |   7.4
        D:5 |     807 |       0 |   0.0 |      19 |       0 |   0.0
        D:6 |     295 |     160 |  35.2 |       4 |       1 |  20.0
            +---------+---------+-------+---------+---------+-------
